 Dungeon Sprint DCSS version 0.18-a0-1303-g41c131c (webtiles) character file.

9678 Kidiri the Unseen (level 11, -2/61 (62) HPs)
             Began as a Spriggan Enchanter on Feb 12, 2016.
             Was the Champion of Dithmenos.
             Killed from afar by a death drake (17 damage)
             ... with a foul vapour
             ... in the Dungeon (Sprint III: "The Ten Rune Challenge").
             The game lasted 00:12:02 (2163 turns).

Kidiri the Unseen (Spriggan Enchanter)              Turns: 2163, Time: 00:12:03

HP:   -2/61 (62)    AC:  7    Str:  4    XL:     11   Next: 26%
MP:   23/28         EV: 30    Int: 19    God:    Dithmenos [******]
Gold: 25            SH:  0    Dex: 17    Spells: 9 memorised, 9 levels left

rFire  . . .     SeeInvis +     n - +2 dagger (drain)
rCold  . . .     Gourm    .     m - +1 robe {MR+}
rNeg   . . .     Faith    .     (shield restricted)
rPois  .         Spirit   .     (helmet restricted)
rElec  .         Dismiss  .     (no cloak)
rCorr  .         Reflect  .     (gloves unavailable)
SustAt .         Harm     .     (boots unavailable)
MR     ++...     NoTele   +     (no amulet)
Stlth  ++++++++++               (no ring)
                                (no ring)

@: lethally poisoned (-2 -> -32), non-regenerating, diseased, slowed, wreathed
by umbra, quick, very resistant to hostile enchantments, uncannily stealthy
A: unfitting armour, rough black scales 1, see invisible, blink, herbivore 3,
speed 3, robust 1, slow metabolism 2, subdued magic 2
a: Blink, Shadow Step, Shadow Form, Renounce Religion


You were in the Dungeon.
You worshipped Dithmenos.
Dithmenos was exalted by your worship.
You were not hungry.

You visited 1 branch You collected 25 gold pieces.

Inventory:

Hand Weapons
 n - a +2 dagger of draining (weapon)
Missiles
 b - 10 throwing nets (quivered)
Armour
 m - a +1 robe of magic resistance (worn)
Wands
 c - a wand of confusion (23/48)
Scrolls
 j - a scroll of blinking
 k - 2 scrolls of remove curse {unknown}
 r - a scroll of torment
Potions
 a - a potion of might
 g - a potion of haste
 h - a potion of magic
 i - 3 potions of berserk rage
 p - a potion of cure mutation
 q - 3 potions of flight
Comestibles
 d - 2 bread rations
 o - 26 royal jellies


   Skills:
 + Level 6.3 Fighting
 * Level 11.6 Short Blades
 + Level 5.3 Armour
 * Level 14.1 Dodging
 * Level 16.0 Stealth
 * Level 12.8 Spellcasting
 + Level 5.2 Conjurations
 + Level 9.6 Hexes
 + Level 7.9 Transmutations
 + Level 5.9 Ice Magic
 + Level 5.2 Earth Magic
 - Level 2.0 Invocations
 + Level 5.9 Evocations


You had 9 spell levels left.
You knew the following spells:

 Your Spells              Type           Power        Failure   Level  Hunger
a - Corona                Hex            ###....      0%          1    None
b - Ensorcelled Hibernat  Hex/Ice        ###...       0%          2    None
c - Confuse               Hex            ###.....     0%          3    None
d - Tukima's Dance        Hex            ###.....     0%          3    None
e - Dazzling Spray        Conj/Hex       ###.....     0%          3    None
f - Passwall              Trmt/Erth      ###.......   0%          2    None
g - Stone Arrow           Conj/Erth      ###...       1%          3    None
h - Petrify               Trmt/Erth      ###.....     1%          4    #......
i - Lee's Rapid Deconstr  Erth           ###.......   4%          5    ####...


Dungeon Overview and Level Annotations

Branches:
Dungeon (1/1)

Altars:
Cheibriados
Dithmenos
Elyvilon
Fedhas
Gozag
Kikubaaqudgha
Makhleb
Nemelex Xobeh
Okawaru
Pakellas
Qazlal
Ru
Sif Muna
Trog
Vehumet
Xom
Yredelemnul
Zin
The Shining One
Jiyva
Lugonu


Innate Abilities, Weirdness & Mutations

You are tiny and cannot use many weapons and most armour.
You have supernaturally acute eyesight.
You are a herbivore.
You cover ground extremely quickly.
You need consume almost no food.
You are partially covered in rough black scales (AC +4, Dex -1).
You can translocate small distances at will.
You are robust (+10% HP).
Your spells are easier to cast, but less powerful.


Message History

* * * LOW HITPOINT WARNING * * *
x2 You feel very sick.
Unknown command.
Drink which item? (? for menu, Esc to quit)
You feel better.
The death drake completely misses you. x2
Casting: Ensorcelled Hibernation
Confirm with . or Enter, or press ? or * to list all spells.
Aiming: Confuse
Press: ? - help, Shift-Dir - straight line, f/p - death drake
Aim: a death drake (catching its breath, umbra, chance to defeat MR: 36%)
The death drake easily resists.
Your shadow mimicks your spell!
The death drake easily resists.
The death drake breathes miasma at you. The foul vapour engulfs you!
You are lethally poisoned!
You feel your flesh rotting away!
You feel ill.
You feel as though you will be slow longer.
You die...

♣♣≈≈≈........≈≈≈...
+♣♣'♣≈≈≈≈≈≈≈≈≈≈≈≈♣♣P.
#.≈♣♣♣♣♣♣♣♣♣♣♣♣♣♣♣♣PP
#..♣♣ ♣♣♣
###'♣♣♣♣♣♣♣♣♣♣♣♣♣♣♣
♣♣♣♣%##.§##≈≈≈≈≈≈..#
♣.%.##%##.#§§≈≈≈...#
♣♣.##k##.##§§≈≈≈§####
♣..#@##..k#≈≈..§§§.§
♣♣.##.##.)#≈..+#####
♣♣.##.#####...#
♣.....##.§§...#
########+######


You could see a death drake.

Vanquished Creatures
  Maud (D)
  Erolcha (D)
  2 hydras (D)
  A lindwurm (D)
  A deep elf mage (D)
  2 spiny frogs (D)
  A komodo dragon (D)
  A queen bee (D)
  3 wandering mushrooms (D)
  2 giant leeches (D)
  5 redbacks (D)
  A shadow (D)
  2 hill giants (D)
  A spatial vortex (D)
  A necrophage (D)
  2 two-headed ogres (D)
  A water elemental (D)
  A scorpion (D)
  32 killer bees (D)
  An electric eel (D)
  A jelly (D)
  Jessica (D)
  A wizard (D)
  A necromancer (D)
  3 humans (D)
  A kobold demonologist (D)
  2 rats (D)
72 creatures vanquished.

Vanquished Creatures (collateral kills)
  A two-headed ogre (D)
1 creature vanquished.

Vanquished Creatures (others)
  2 draconian scorchers (D)
  A yaktaur (D)
  A dancing weapon (D)
4 creatures vanquished.

Grand Total: 77 creatures vanquished

Notes
Turn   | Place    | Note
--------------------------------------------------------------
     0 | D        | Kidiri the Spriggan Enchanter began the quest for the Orb.
     0 | D        | Reached XP level 1. HP: 9/9 MP: 5/5
    24 | D        | Noticed Jessica
    29 | D        | Killed Jessica
    29 | D        | Reached skill level 1 in Fighting
    29 | D        | Reached skill level 6 in Stealth
    29 | D        | Reached XP level 2. HP: 12/14 MP: 5/7
    33 | D        | Learned a level 2 spell: Ensorcelled Hibernation
    49 | D        | Killed a yaktaur
    84 | D        | Noticed a scorpion
    87 | D        | Killed a scorpion
    87 | D        | Reached skill level 1 in Armour
    87 | D        | Reached skill level 5 in Dodging
    87 | D        | Reached skill level 7 in Stealth
    87 | D        | Reached skill level 1 in Ice Magic
    87 | D        | Reached XP level 3. HP: 18/18 MP: 8/10
    87 | D        | Reached XP level 4. HP: 22/22 MP: 8/11
   228 | D        | Killed a white draconian scorcher
   298 | D        | Learned a level 3 spell: Confuse
   302 | D        | Learned a level 3 spell: Dazzling Spray
   306 | D        | Learned a level 3 spell: Tukima's Dance
   309 | D        | Killed a white draconian scorcher
   331 | D        | Reached skill level 5 in Spellcasting
   353 | D        | Gained mutation: You can translocate small distances at will. [potion of mutation]
   353 | D        | Gained mutation: You are robust (+10% HP). [potion of mutation]
   354 | D        | Gained mutation: Your spells are a little easier to cast, but a little less powerful. [potion of mutation]
   354 | D        | Gained mutation: You are partially covered in rough black scales (AC +4, Dex -1). [potion of mutation]
   354 | D        | Gained mutation: Your spells are easier to cast, but less powerful. [potion of mutation]
   379 | D        | Noticed a water elemental
   382 | D        | Killed a water elemental
   382 | D        | Reached skill level 8 in Stealth
   382 | D        | Reached skill level 5 in Hexes
   382 | D        | Reached XP level 5. HP: 28/28 MP: 14/14
   392 | D        | Noticed a shadow
   394 | D        | Killed a shadow
   394 | D        | Reached skill level 5 in Short Blades
   394 | D        | Reached skill level 9 in Stealth
   394 | D        | Reached skill level 1 in Conjurations
   394 | D        | Reached XP level 6. HP: 33/35 MP: 14/16
   417 | D        | Found an oddly glowing altar of Pakellas.
   417 | D        | Found a stormy altar of Qazlal.
   418 | D        | Found a sacrificial altar of Ru.
   418 | D        | Found a burning altar of Makhleb.
   418 | D        | Found a viscous altar of Jiyva.
   418 | D        | Found a shimmering altar of Xom.
   418 | D        | Found a shadowy altar of Dithmenos.
   418 | D        | Found a sparkling altar of Nemelex Xobeh.
   418 | D        | Found a corrupted altar of Lugonu.
   418 | D        | Found an opulent altar of Gozag.
   418 | D        | Noticed a spatial vortex
   421 | D        | Killed a spatial vortex
   421 | D        | Reached skill level 10 in Stealth
   423 | D        | Became a worshipper of Dithmenos the Shadowed
   448 | D        | Found a radiant altar of Vehumet.
   449 | D        | Found a deep blue altar of Sif Muna.
   449 | D        | Found an ancient bone altar of Kikubaaqudgha.
   452 | D        | Reached * piety under Dithmenos
   466 | D        | Learned a level 2 spell: Passwall
   470 | D        | Learned a level 3 spell: Stone Arrow
   484 | D        | Found a glowing silver altar of Zin.
   485 | D        | Found a glowing golden altar of the Shining One.
   485 | D        | Found a white marble altar of Elyvilon.
   485 | D        | Noticed a deep elf mage
   496 | D        | Killed a deep elf mage
   496 | D        | Reached skill level 11 in Stealth
   496 | D        | Reached skill level 1 in Earth Magic
   496 | D        | Reached XP level 7. HP: 21/39 MP: 14/20
   639 | D        | Learned a level 4 spell: Petrify
   639 | D        | Found an iron altar of Okawaru.
   640 | D        | Found a bloodstained altar of Trog.
   640 | D        | Noticed a human
   640 | D        | Noticed a human
   642 | D        | Killed a human
   642 | D        | Reached skill level 10 in Dodging
   642 | D        | Reached XP level 8. HP: 44/46 MP: 21/21
   643 | D        | Reached ** piety under Dithmenos
   658 | D        | Found a snail-covered altar of Cheibriados.
   659 | D        | Found a basalt altar of Yredelemnul.
   659 | D        | Found a blossoming altar of Fedhas.
   720 | D        | Reached *** piety under Dithmenos
   835 | D        | Reached skill level 12 in Stealth
   840 | D        | Noticed Erolcha
   842 | D        | Killed Erolcha
   842 | D        | Reached skill level 10 in Spellcasting
   842 | D        | Reached XP level 9. HP: 50/50 MP: 22/24
   866 | D        | Learned a level 5 spell: Lee's Rapid Deconstruction
   870 | D        | Reached skill level 13 in Stealth
   873 | D        | Reached skill level 5 in Transmutations
   873 | D        | Reached skill level 1 in Evocations
   961 | D        | Noticed a queen bee
   967 | D        | Reached **** piety under Dithmenos
  1064 | D        | Reached ***** piety under Dithmenos
  1171 | D        | Reached skill level 5 in Fighting
  1387 | D        | Reached ****** piety under Dithmenos
  1543 | D        | Reached skill level 14 in Stealth
  1548 | D        | Reached skill level 10 in Short Blades
  1554 | D        | Reached XP level 10. HP: 54/56 MP: 7/26
  1646 | D        | Reached skill level 5 in Ice Magic
  1849 | D        | Noticed a spiny frog
  1849 | D        | Noticed a spiny frog
  1857 | D        | Killed a spiny frog
  1859 | D        | Killed a spiny frog
  2083 | D        | Noticed a lindwurm
  2086 | D        | Killed a lindwurm
  2086 | D        | Reached skill level 15 in Stealth
  2094 | D        | Reached skill level 5 in Armour
  2095 | D        | Noticed Maud
  2097 | D        | Killed Maud
  2097 | D        | Reached skill level 5 in Conjurations
  2097 | D        | Reached skill level 5 in Earth Magic
  2097 | D        | Reached skill level 5 in Evocations
  2097 | D        | Reached XP level 11. HP: 61/61 MP: 28/28
  2101 | D        | Noticed a four-headed hydra
  2101 | D        | Noticed a four-headed hydra
  2104 | D        | Killed a four-headed hydra
  2105 | D        | Killed a four-headed hydra
  2105 | D        | Reached skill level 16 in Stealth
  2143 | D        | Noticed a death drake
  2163 | D        | Killed from afar by a death drake

Vault maps used:
D:        dungeon_sprint_mu

Action                   |  1- 3 |  4- 6 |  7- 9 | 10-12 || total
-------------------------+-------+-------+-------+-------++-------
Melee: Dagger            |     4 |    16 |   256 |    32 ||   308
 Cast: Ensorcelled Hiber |       |     4 |    23 |    19 ||    46
       Corona            |       |     1 |       |       ||     1
       Tukima's Dance    |       |     5 |     8 |       ||    13
       Confuse           |       |     1 |     4 |     1 ||     6
       Dazzling Spray    |       |       |     6 |       ||     6
Invok: Shadow Step       |       |       |     2 |     4 ||     6
  Use: Scroll            |       |     3 |       |       ||     3
       Potion            |       |     3 |       |     3 ||     6
 Stab: Sleeping          |     4 |     9 |    18 |    19 ||    50
       Invisible         |       |       |     2 |       ||     2
       Confused          |       |       |     1 |       ||     1
